cohdb
Replays
Latest Replays
All Replays
Popular Replays
Top Player Replays
Match Explorer
How It Works
Community
CoH3 Stats
Reddit
Sign in to upload your games and track your stats! →
Sign in with Steam
Match 43294369
Unlisted
Match 43294369
Overview
Messages
Build Orders
End
Panzergrenadier Squad
250 Light Carrier
Panzergrenadier Squad
Construct Light Support Kompanie
Combat Half-tracks
2.5-tonne Medical Truck
Fire Support Elements
Veteran Squad Leaders
Selects Italian Infantry
Panzerjäger Mechanized Group
Selects Guastatori Squad
Guastatori Squad
Selects L6/40 Light Tank Combat Group
Selects Defensive Operations
Construct Panzerarmee Kommand
Panzer III L Medium Tank
Panzer III L Medium Tank
Pak 38 Mechanized Group
Selects Prepared Positions
Emergency Repair Kits
Pak 38 Mechanized Group
Armored Reserves
Tiger Heavy Tank
Selects Obice 305mm Barrage
Obice 305mm Barrage
我真的不是驴
THE one-冰封夕阳
GG Shermi
旧时光
Scorps
The sexy Ginger
aSIINiedi
MY:OATZ
0
0
Comments
sign in to comment!
No comments posted yet!